 Dungeon Crawl Stone Soup version 0.19.1 (webtiles) character file.

361 Host24 the Ducker (level 6, -6/40 HPs)
             Began as a Kobold Hunter on Dec 26, 2016.
             Killed from afar by ARFLORD's ghost (9 damage)
             ... with a spray of energy
             ... on level 4 of the Dungeon.
             The game lasted 00:12:47 (4514 turns).

Host24 the Ducker (Kobold Hunter)                   Turns: 4514, Time: 00:12:48

Health: -6/40      AC:  5    Str: 10    XL:     6   Next: 98%
Magic:  0/6        EV: 18    Int: 16    God:
Gold:   200        SH:  0    Dex: 17    Spells: 0 memorised, 5 levels left

rFire  . . .     SeeInvis .     b - +0 short sword
rCold  . . .     Gourm    .     c - +0 leather armour
rNeg   . . .     Faith    .     (shield restricted)
rPois  .         Spirit   +     (no helmet)
rElec  .         Reflect  .     (no cloak)
rCorr  .         Harm     .     y - +0 pair of gloves (curse)
MR     .....                    r - +0 pair of boots
Stlth  ++........               j - amulet of guardian spirit
                                (no ring)
                                n - +4 ring of intelligence

@: no status effects
A: carnivore 3
a: no special abilities


You were on level 4 of the Dungeon.
You were very full.

You visited 1 branch of the dungeon, and saw 4 of its levels.
You also visited: Sewer.

You collected 200 gold pieces.

Inventory:

Hand Weapons
 a - a +1 hand crossbow
 b - a +0 short sword (weapon)
Missiles
 h - 136 stones (quivered)
 o - 20 poisoned needles
 p - 69 arrows
Armour
 c - a +0 leather armour (worn)
 r - a +0 pair of boots (worn)
 y - a cursed +0 pair of gloves (worn)
Jewellery
 j - an amulet of guardian spirit (around neck)
 k - an uncursed amulet of harm
 n - a +4 ring of intelligence (left hand)
 A - an uncursed ring of ice {unknown}
Scrolls
 q - 5 scrolls of amnesia {unknown}
 s - 2 scrolls of random uselessness {unknown}
 u - 2 scrolls of teleportation {unknown}
 v - a scroll of blinking {unknown}
 w - a scroll of fog
 B - 3 scrolls of identify
 C - 2 scrolls of remove curse
 D - a scroll of recharging {unknown}
 E - a scroll of immolation {unknown}
 G - a scroll of magic mapping {unknown}
 I - a scroll of fear
Potions
 e - 2 potions of lignification {unknown}
 g - a potion of flight
 i - a potion of invisibility
 l - a potion of brilliance {unknown}
 m - a potion of curing {unknown}
 x - 2 potions of degeneration {unknown}
 z - 2 potions of agility {unknown}
 F - a potion of haste {unknown}
 H - a potion of might {unknown}
Comestibles
 f - 2 meat rations
 t - a beef jerky


   Skills:
 - Level 5.3 Fighting
 - Level 5.0 Crossbows
 + Level 6.1 Dodging
 - Level 1.3 Stealth


You had 5 spell levels left.
You didn't know any spells.

Dungeon Overview and Level Annotations

Branches:
Dungeon (4/15)             Temple (0/1) D:4

Altars:
Nemelex Xobeh
Qazlal

Annotations:
D:4 ARFLORD's ghost, amateur DECj


Innate Abilities, Weirdness & Mutations

You are small and have problems with some larger weapons.
You are carnivorous and can eat meat at any time.


Message History

ARFLORD's ghost casts a spell at you. The magic dart hits you!
* * * LOW HITPOINT WARNING * * *
You bump into the rock wall.
You feel less confused. ARFLORD's ghost casts a spell at you.
The magic dart hits you!
* * * LOW HITPOINT WARNING * * *
You hit ARFLORD's ghost but do no damage.
ARFLORD's ghost is almost destroyed.
ARFLORD's ghost hits you but does no damage.
You hit ARFLORD's ghost.
ARFLORD's ghost is almost destroyed.
ARFLORD's ghost closely misses you.
You hit ARFLORD's ghost but do no damage.
ARFLORD's ghost is almost destroyed.
ARFLORD's ghost misses you.
ARFLORD's ghost gestures at you while chanting.
The spray of energy hits you!
You die...

###.# #..# #.# ##.##
#..# #.# ##...###..#
#.# ......##..# ##.#
.......#..#########..#
............<.W..##.##
..........######.##.#
..........# ##.##.#
##...##..######.@.#.#
.........##.......#.#
###.#.#..##.##..W.#.#
#..###.##.##.##.#.#
#.## ##(...(.(....#
#.. #.##.##.##.### #..
##.##(##.#### ....
..>.........# ####
#####.#(###.....


You could see ARFLORD's ghost.

Vanquished Creatures
  A black bear (D:3)
  An orc wizard (D:4)
  Ijyb (D:2)
  A gnoll (D:1)
  8 adders
  3 oozes (Sewer)
  5 worms
  2 dart slugs (D:1)
  5 leopard geckos
  7 orcs
  5 giant cockroaches
  9 goblins
  7 hobgoblins
  4 jackals (Sewer)
  6 kobolds
  A quokka (D:3)
  6 ball pythons
  16 bats
  6 frilled lizards
  14 rats
108 creatures vanquished.

Notes
Turn   | Place    | Note
-------+----------+-------------------------------------------
     0 | D:1      | Host24 the Kobold Hunter began the quest for the Orb.
     0 | D:1      | Reached XP level 1. HP: 12/12 MP: 1/1
   331 | D:1      | Reached XP level 2. HP: 18/18 MP: 2/2
   585 | D:1      | Reached XP level 3. HP: 24/24 MP: 3/3
  1391 | D:2      | Reached XP level 4. HP: 19/30 MP: 2/4
  1693 | D:2      | Noticed Ijyb
  1706 | D:2      | Killed Ijyb
  1706 | D:2      | Reached skill level 5 in Fighting
  1706 | D:2      | Reached XP level 5. HP: 30/35 MP: 5/5
  2099 | D:2      | Found a stormy altar of Qazlal.
  2100 | D:2      | Noticed an air elemental
  2101 | D:2      | Noticed a water elemental
  2101 | D:2      | Noticed a fire elemental
  2163 | D:3      | Reached skill level 3 in Dodging
  2261 | D:3      | Found a glowing drain.
  2468 | Sewer    | Entered a sewer
  2679 | Sewer    | Reached skill level 4 in Dodging
  3035 | Sewer    | Reached XP level 6. HP: 40/40 MP: 6/6
  3567 | D:3      | Reached skill level 5 in Crossbows
  4177 | D:4      | Reached skill level 5 in Dodging
  4300 | D:4      | Found a staircase to the Ecumenical Temple.
  4342 | D:4      | Found a sparkling altar of Nemelex Xobeh.
  4342 | D:4      | Noticed ARFLORD's ghost (amateur DECj)
  4346 | D:4      | Noticed a black bear
  4366 | D:3      | Killed a black bear
  4366 | D:3      | Reached skill level 6 in Dodging
  4508 | D:4      | HP: 2/40 [ARFLORD's ghost/magic dart (1)]
  4514 | D:4      | Killed from afar by ARFLORD's ghost

Skill      XL: |  1  2  3  4  5  6 |
---------------+-------------------+-----
Fighting       | 3 4 5 |  5.3
Dodging        | 4 6 |  6.1
Crossbows      | 5 |  5.0
Stealth        | |  1.3

Action                   |  1- 3 |  4- 6 || total
-------------------------+-------+-------++-------
Melee: Short sword       |   121 |   239 ||   360
 Fire: Hand crossbow     |     5 |    71 ||    76
  Use: Scroll            |       |     4 ||     4
       Potion            |       |     4 ||     4
 Stab: Sleeping          |       |     5 ||     5
  Eat: Chunk             |     9 |    11 ||    20
Armor: Leather armour    |    24 |    73 ||    97
Dodge: Dodged            |   101 |   305 ||   406
